 Dungeon Crawl Stone Soup version 0.31.0-12-g77e489cdc1 (webtiles) character file.

Game seed: 13447859817522649207

2 Gadfly the Sneak (level 1, -1/9 HPs)
             Began as a Spriggan Enchanter on Feb 17, 2024.
             Slain by a kobold
             ... wielding a +0 club
              (4 damage)
             ... on level 1 of the Dungeon.
             The game lasted 00:00:24 (159 turns).

Gadfly the Sneak (Spriggan Enchanter)                Turns: 159, Time: 00:00:24

Health: -1/9       AC:  2    Str:  4    XL:     1   Next: 33%
Magic:  5/5        EV: 17    Int: 16    God:
Gold:   6          SH:  0    Dex: 15    Spells: 5/5 levels left

rFire   . . .        a - +1 dagger
rCold   . . .        (no shield)
rNeg    . . .        b - +0 robe
rPois   .            (helmet restricted)
rElec   .            (no cloak)
rCorr   .            (gloves unavailable)
SInv    +            (boots unavailable)
Will    .....        (no amulet)
Stlth   +++          (no ring)
HPRegen 0.21/turn    (no ring)
MPRegen 0.09/turn

%: no passive effects
@: very quick
A: very small, no large weapons, unfitting armour, see invisible, speed 3
a: no special abilities


You were on level 1 of the Dungeon.
You visited 1 branch of the dungeon, and saw 1 of its levels.

You collected 6 gold pieces.

Inventory:

Hand Weapons
 a - a +1 dagger (weapon)
Armour
 b - a +0 robe (worn)
Potions
 c - 2 potions of invisibility


   Skills:
 + Level 0.0 Fighting
 + Level 1.1 Short Blades
 + Level 2.7 Dodging
 + Level 4.4 Stealth
 + Level 2.7 Spellcasting
 + Level 3.6 Hexes
 + Level 0.2 Evocations


You had 5 spell levels left.
You didn't know any spells.
Your spell library contained the following spells:

 Spells                   Type           Power      Damage    Failure   Level
 Confusing Touch          Hex            13%        N/A       13%         3
 Tukima's Dance           Hex            13%        N/A       13%         3
 Ensorcelled Hibernation  Hex/Ice        16%        N/A       14%         2
 Dazzling Flash           Conj/Hex       16%        N/A       26%         3
 Mephitic Cloud           Conj/Alch/Air  2%         N/A       50%         3
 Silence                  Hex/Air        4%         N/A       94%         5
 Curse of Agony           Necr           2%         N/A       99%         5


Dungeon Overview and Level Annotations

Branches:
Dungeon (1/15)

Altars:


Innate Abilities, Weirdness & Mutations

You are very small and have problems with some larger weapons.
You are too small for most types of armour.
You have supernaturally acute eyesight. (SInv)
You cover ground extremely quickly. (Speed+++)


Message History

You see here a book of the Senses.
You pick up a book of the Senses and begin reading...
You add the spells Mephitic Cloud, Curse of Agony and Silence to your library.
You see here a rat corpse.
You start resting.
A gnoll is nearby!
You aren't carrying any items that you can evoke.
Okay, then.
It was a potion of heal wounds.
You feel much better.
You completely miss the gnoll.
The gnoll is lightly wounded.
The gnoll completely misses you.
You completely miss the gnoll.
The gnoll is lightly wounded.
The gnoll barely misses you. The quokka misses you.
You hit the gnoll.
The gnoll is lightly wounded.
The quokka bites you.
Ouch! That really hurt!
The gnoll hits you with a +0 club.
* * * LOW HITPOINT WARNING * * *
You are too injured to fight recklessly!
You are too injured to fight recklessly!
You are too injured to fight recklessly!
You are too injured to fight recklessly!
You are too injured to fight recklessly!
You are too injured to fight recklessly!
You are too injured to fight recklessly!
You are too injured to fight recklessly!
You are too injured to fight recklessly!
You are too injured to fight recklessly!
You are too injured to fight recklessly!
The quokka barely misses you. The gnoll misses you. The quokka misses you.
The gnoll barely misses you.
The kobold shouts!
You hear a shout! x2
You closely miss the kobold. The kobold barely misses you.
You closely miss the kobold. You punch the kobold, but do no damage.
The kobold hits you with a +0 club.
You die...

######.##### ##.....#..#
#8...#.#..^8 ?.....#..#
###.##_##.## .....#..
#........... .......
#.#.......#^ #..##.#
#8^.......^8
###..##.##########.....###
#.##..>.##.##.r.g......####
#.$........K@.##########
####.##.##.#### #.##.# #.
#.##.# #. #g##.# # #.
#.##.# #.#. #g##.#
###.#.##r##.# $......K..#.#


You could see a gnoll, a quokka and a kobold.

Vanquished Creatures
  2 ball pythons (D:1)
  A bat (D:1)
  A rat (D:1)
4 creatures vanquished.

Notes
Turn   | Place    | Note
-------+----------+-------------------------------------------
     0 | D:1      | Gadfly the Spriggan Enchanter began the quest for the Orb.
     0 | D:1      | Reached XP level 1. HP: 9/9 MP: 5/5
    34 | D:1      | Found a faded altar of an unknown god.
   159 | D:1      | Slain by a kobold

Illustrated notes

Levels and vault maps discovered:
D:1:      dpeg_arrival_fog, layout_loops_ring,
          shapermc_ecumenical_altar_mp_highgroup, minmay_hexomino_c4

Action                     || total
---------------------------++-------
  Melee: Dagger            ||    16
         Punch             ||     1
    Use: Potion            ||     1
 Armour: Robe              ||     6
  Dodge: Dodged            ||    16
